 Dungeon Sprint DCSS version 0.29.1-15-g9cfb28693d (webtiles) character file.

Game seed: 12172065303382108538

4 Groucho the Grasshopper (level 1, -8/13 HPs)
             Began as a Felid Warper on Apr 5, 2023.
             Mangled by an ogre
             ... wielding a +0 giant club
              (20 damage)
             ... in the Dungeon (Sprint IX: "|||||||||||||||||||||||||||||").
             The game lasted 00:00:53 (36 turns).

Groucho the Grasshopper (Felid Warper)                Turns: 36, Time: 00:00:54

Health: -8/13      AC:  1    Str:  7    XL:     1   Next: 50%
Magic:  4/4        EV: 18    Int: 14    God:
Gold:   0          SH:  0    Dex: 15    Spells: 4/4 levels left
                                        Lives:  0   Deaths: 0

rFire   . . .      SeeInvis +     - Unarmed
rCold   . . .      Faith    .   (shield unavailable)
rNeg    . . .      Spirit   .   (body armour unavailable)
rPois   .          Reflect  .   (helmet unavailable)
rElec   .          Harm     .   (cloak unavailable)
rCorr   .          Rampage  .   (gloves unavailable)
Will    .....      NoTele   +   (boots unavailable)
Stlth   ..........              (no amulet)
HPRegen 0.04/turn               (no ring)
MPRegen 0.09/turn               (no ring)

@: berserking, hasted, very quick
A: very small, claws 1, fangs 3, see invisible, speed 1, shaggy fur 1, stealthy
paws, no weapons or thrown items, no armour, multi-lived
a: no special abilities


You were in the Dungeon.
You visited 1 branch

Inventory:

Scrolls
 a - 2 scrolls of blinking
Potions
 b - a potion of curing
 e - 2 potions of magic


   Skills:
 + Level 2.3 Fighting
 + Level 3.5 Dodging
 + Level 1.5 Stealth
 + Level 2.3 Unarmed Combat
 + Level 2.3 Spellcasting
 + Level 4.8 Translocations


You had 4 spell levels left.
You didn't know any spells.
Your spell library contained the following spells:

 Spells                   Type           Power      Damage    Failure   Level
 Blink                    Tloc           30%        N/A       4%          2
 Gell's Gravitas          Tloc           15%        N/A       10%         3
 Lesser Beckoning         Tloc           15%        N/A       10%         3
 Teleport Other           Tloc           15%        N/A       10%         3
 Manifold Assault         Tloc           15%        N/A       65%         5


Dungeon Overview and Level Annotations

Branches:
Dungeon (1/1)

Altars:


Innate Abilities, Weirdness & Mutations

You have sharp claws.
You have razor-sharp teeth.
You have supernaturally acute eyesight. (SInv)
You cover ground quickly. (Speed+)
You are covered in fur. (AC +1)
Your paws help you pounce on unaware monsters.
You are incapable of wielding weapons or throwing items.
You cannot wear armour.
You gain extra lives every three experience levels.


Message History

You are too injured to fight recklessly!
Unknown command.
You closely miss the bat. The bat closely misses you. x2
Unknown command.
You scratch the bat.
You kill the bat!
You closely miss the kobold.
The kobold hits you with a +0 short sword.
* * * LOW HITPOINT WARNING * * *
You feel much better.
The kobold hits you with a +0 short sword.
You feel yourself speed up. The kobold completely misses you.
You scratch the kobold.
You kill the kobold!
You closely miss the rat. You scratch the rat.
The rat is heavily wounded.
The rat completely misses you.
You scratch the rat.
You kill the rat!
Things that are here:
a +0 short sword; a kobold corpse You open the door.
An ogre, an iguana, a howler monkey, a scorpion and a worm come into view.
The ogre shouts!
The iguana hisses angrily.
The howler monkey howls!
The ogre completely misses you.
There is an open door here.
You scratch the ogre.
The ogre is moderately wounded.
You scratch the ogre but do no damage.
The ogre is moderately wounded.
A red film seems to cover your vision as you go berserk!
You feel yourself moving faster!
You feel mighty! The ogre misses you.
You barely miss the ogre.
The ogre is moderately wounded.
You claw the ogre!
The ogre is heavily wounded.
The ogre hits you with a +0 giant club!!
Ouch! That really hurt!
You die...

▓.▓
▓.▓
▓'▓
▓)▓
▓.▓
▓.▓
▓.▓
▓.▓
▓@▓
▓O▓
▓l▓
▓h▓
▓s▓
▓w▓
▓+▓


You could see an ogre, a worm, a scorpion, a howler monkey and an iguana.

Vanquished Creatures
  A giant cockroach (D)
  A bat (D)
  A frilled lizard (D)
  A kobold (D)
  A rat (D)
5 creatures vanquished.

Notes
Turn   | Place    | Note
-------+----------+-------------------------------------------
     0 | D        | Groucho the Felid Warper began the quest for the Orb.
     0 | D        | Reached XP level 1. HP: 9/9 MP: 4/4
    16 | D        | Reached skill level 1 in Stealth
    30 | D        | Noticed an ogre
    30 | D        | Noticed an iguana
    30 | D        | Noticed a howler monkey
    30 | D        | Noticed a scorpion
    36 | D        | Mangled by an ogre

Illustrated notes

Levels and vault maps discovered:
D:        linesprint [early_d, line_temple, items_1, d_10, items_2, lair_1,
          lair_end, items_3, orc_1, orc_end, items_4, d_15, swamp_1, shoals_1,
          snake_1, spider_1, d_20, vaults_1, items_5, swamp_end, shoals_end,
          snake_end, spider_end, vaults_end, d_27, items_6, zot_1, zot_end,
          crypt_end, forest_end, elf_end, slime_end, tomb_end, abyss_end,
          pan_hell_end]

Skill      XL: |  1 |
---------------+----+-----
Stealth        | 1 |  1.5
Fighting       | |  2.3
Dodging        | |  3.5
Unarmed Combat | |  2.3
Spellcasting   | |  2.3
Translocations | |  4.8

Action                   || total
-------------------------++-------
Melee: Unarmed           ||    22
       Bite              ||     2
  Use: Potion            ||     3
 Stab: Sleeping          ||     1
Armor: Skin              ||     2
Dodge: Dodged            ||    11
